Map: [ESL] Hard Lead

Players

MeomaikA

  • Race: Zerg Zerg
  • Spawn Location: 5:00

Nice - Winner!

  • Race: Protoss Protoss
  • Spawn Location: 11:00

Event: ESL SC2 Masters 2023 Winter (Regional)

VOD

Have the link to the VOD?

Description

Time

  • Played on: Nov. 2, 2023, 8:59 a.m.
  • Length: 8:52

All games in this series

Show
View Real Time Build Order
Export as new Build Order

MeomaikA Zerg 

Build Orders: Hatch First 

Get SALT Encoding   

  12  0:00  Drone  
  13  0:12  Overlord  
  13  0:16  Drone  
  14  0:30  Drone x2  
  14  0:34  Drone  
  17  0:51  Hatchery  
  17  0:53  Drone  
  17  0:57  Drone  
  18  1:07  Extractor  
  17  1:11  Spawning Pool  
  17  1:14  Drone  
  17  1:17  Drone  
  18  1:28  Drone  
  19  1:38  Overlord  
  19  1:50  Drone  
  20  2:00  Queen  
  23  2:01  Drone  
  23  2:02  Queen  
  23  2:03  Drone  
  23  2:07  Metabolic Boost  
  26  2:11  Drone  
  26  2:14  Drone  
  28  2:22  Drone  
  29  2:24  Drone  
  30  2:36  Zergling x2, Hatchery  
  30  2:41  Drone  
  30  2:43  Drone  
  32  2:47  Zergling x2  
  33  2:54  Drone  
  34  2:59  Lair  
  34  3:00  Drone  
  34  3:02  Extractor  
  34  3:04  Overlord  
  34  3:07  Drone  
  34  3:08  Drone  
  34  3:09  Overlord  
  36  3:14  Spore Crawler  
  36  3:16  Drone  
  36  3:23  Spore Crawler  
  36  3:25  Zergling x6  
  38  3:27  Drone  
  38  3:30  Drone  
  40  3:38  Spore Crawler  
  38  3:47  Drone x3  
  38  3:48  Drone  
  40  3:52  Spore Crawler  
  40  3:53  Drone  
  40  3:57  Drone  
  41  4:05  Drone x2  
  41  4:06  Drone x2, Hydralisk Den  
  45  4:10  Zergling x2  
  45  4:13  Zergling x2  
  45  4:14  Zergling x2  
  45  4:16  Drone  
  49  4:18  Drone  
  49  4:19  Drone  
  51  4:27  Drone  
  51  4:28  Drone  
  51  4:31  Overseer  
  53  4:35  Drone x3  
  53  4:37  Zergling x6, Extractor  
  58  4:41  Muscular Augments  
  58  4:52  Hydralisk  
  58  4:55  Spore Crawler  
  57  5:00  Overlord  
  57  5:01  Drone  
  57  5:02  Overlord x2  
  57  5:04  Overlord  
  58  5:18  Hydralisk x2, Queen  
  58  5:19  Hydralisk  
  58  5:20  Hydralisk x2  
  69  5:22  Hydralisk  
  69  5:25  Extractor  
  69  5:27  Hydralisk  
  71  5:32  Hydralisk  
  71  5:35  Drone  
  74  5:39  Hydralisk  
  71  5:44  Hydralisk  
  71  5:47  Zergling x6  
  75  5:52  Zergling x2, Hydralisk  
  75  5:57  Zergling x6  
  81  6:03  Grooved Spines  
  81  6:04  Zergling x6  
  83  6:08  Zergling x2  
  83  6:09  Zergling x2  
  86  6:13  Hydralisk  
  86  6:18  Zergling x2  
  88  6:19  Hydralisk  
  88  6:25  Overlord  
  90  6:27  Overlord  
  90  6:32  Zergling x2  
  89  6:33  Zergling x2  
  89  6:35  Zergling x4  
  89  6:36  Zergling x4  
  89  6:38  Zergling x2  
  85  6:40  Zergling x2  
  85  6:43  Zergling x2  
  85  6:46  Zergling x2  
  85  6:47  Zergling x2  
  76  6:53  Hydralisk x2  
  77  6:56  Zergling x4  
  77  6:57  Zergling x2  
  77  7:00  Zergling x2  
  81  7:06  Zergling x2  
  81  7:07  Hydralisk  
  83  7:09  Zergling x2  
  84  7:16  Baneling Nest  
  84  7:20  Zergling x6  
  86  7:28  Zergling x12  
  92  7:30  Zergling x2  
  92  7:33  Zergling x2  
  92  7:34  Zergling x2  
  92  7:51  Zergling x2  
  92  7:52  Zergling x4, Overseer  
  92  7:53  Zergling x2  
  92  7:54  Zergling x2  
  92  7:55  Overlord  
  97  8:02  Baneling x16  
  97  8:05  Baneling x2  
  97  8:06  Baneling x2  
  97  8:13  Zergling x2  
  87  8:21  Zergling x2  
  87  8:22  Zergling x12  
  87  8:23  Zergling x2  
  87  8:24  Zergling x2  
  92  8:29  Zergling x2  
  92  8:30  Zergling x2  
  78  8:34  Zergling x6  
  78  8:35  Zergling x2  
  78  8:38  Drone  
  78  8:39  Drone  
Show
View Real Time Build Order
Export as new Build Order

Nice Protoss - Winner!

Build Orders: 1 Gate Expand, Oracle Opening 

Get SALT Encoding   

  12  0:00  Probe  
  13  0:12  Probe  
  14  0:19  Pylon  
  14  0:24  Probe  
  15  0:37  Probe (Chrono Boost)  
  15  0:38  Gateway  
  16  0:48  Assimilator, Probe (Chrono Boost)  
  17  0:53  Probe (Chrono Boost)  
  18  1:04  Probe  
  19  1:16  Probe  
  20  1:23  Nexus  
  20  1:34  Cybernetics Core  
  20  1:39  Assimilator  
  20  1:41  Probe  
  21  1:48  Pylon  
  21  1:53  Probe  
  22  2:03  Probe  
  22  2:07  Adept (Chrono Boost)  
  23  2:11  Probe  
  26  2:19  Probe  
  26  2:20  Stargate  
  26  2:29  Adept  
  27  2:34  Warp Gate  
  27  2:35  Probe (Chrono Boost)  
  27  2:36  Probe (Chrono Boost)  
  32  2:46  Probe (Chrono Boost)  
  32  2:48  Probe (Chrono Boost)  
  32  2:50  Gateway  
  33  2:58  Probe  
  34  2:59  Adept  
  34  3:02  Probe  
  34  3:04  Oracle (Chrono Boost)  
  37  3:10  Probe  
  41  3:14  Probe  
  41  3:15  Pylon  
  42  3:22  Probe  
  42  3:26  Probe  
  44  3:29  Pylon  
  44  3:34  Oracle (Chrono Boost), Probe  
  46  3:52  Probe  
  46  3:53  Gateway, Probe  
  46  4:03  Oracle (Chrono Boost)  
  46  4:04  Assimilator, Probe  
  46  4:05  Assimilator, Probe  
  46  4:08  Pylon  
  51  4:16  Probe  
  52  4:17  Probe  
  52  4:18  Shield Battery  
  52  4:22  Adept, Stalker  
  57  4:28  Probe  
  57  4:29  Probe  
  59  4:34  Robotics Facility  
  59  4:40  Probe  
  59  4:42  Probe  
  61  4:58  Forge  
  61  5:02  Gateway, Twilight Council  
  61  5:03  Gateway  
  61  5:06  Pylon  
  61  5:11  Gateway  
  61  5:12  Sentry x2, Stalker  
  67  5:15  Pylon  
  67  5:20  Protoss Ground Weapons Level 1  
  67  5:24  Immortal  
  71  5:32  Pylon  
  67  5:44  Charge (Chrono Boost)  
  67  5:53  Zealot x3  
  67  5:55  Robotics Bay  
  67  5:56  Zealot  
  72  6:04  Immortal  
  72  6:06  Pylon  
  76  6:14  Adept x2  
  76  6:16  Zealot x3  
  86  6:26  Pylon  
  86  6:27  Pylon  
  86  6:28  Pylon  
  86  6:34  Adept  
  86  6:35  Adept x2  
  86  6:37  Adept x2  
  92  6:40  Zealot  
  92  6:45  Colossus (Chrono Boost)  
  86  7:11  Zealot x4  
  86  7:14  Sentry  
  96  7:22  Colossus (Chrono Boost)  
  96  7:27  Pylon  
  102  7:35  Nexus  
  102  7:37  Probe x2  
  104  7:40  Sentry  
  106  7:49  Probe x2  
  108  7:52  Sentry, Zealot  
  112  8:00  Shield Battery  
  112  8:06  Zealot x3  
  122  8:22  Sentry  
  122  8:23  Zealot  
  107  8:36  Zealot x3  
  107  8:40  Probe  
Tags
 
Add a new tag
Caveats
  • Supply blocks, unpowered buildings, or Contaminate may cause inaccurate times.
  • Supply counts are checked every 10 seconds.